 Dungeon Sprint DCSS version 0.31-a0-408-gb642c7f9a3 (webtiles) character file.

Game seed: 10290855384914614211

75 zazu2006 the Charlatan (level 4, -3/37 HPs)
             Began as a Gnoll Wanderer on July 29, 2023.
             Slain by a phantom (6 damage)
             ... in the Dungeon (Sprint IX: "|||||||||||||||||||||||||||||").
             The game lasted 00:01:09 (131 turns).

zazu2006 the Charlatan (Gnoll Wanderer)              Turns: 131, Time: 00:01:10

Health: -3/37      AC:  5    Str: 12    XL:     4   Next: 31%
Magic:  9/9        EV: 12    Int: 12    God:
Gold:   0          SH:  5    Dex: 12    Spells: 10/10 levels left

rFire   . . .        a - +0 club
rCold   . . .        e - +0 buckler {AC+3}
rNeg    . . .        d - +0 robe
rPois   .            (no helmet)
rElec   .            (no cloak)
rCorr   .            (no gloves)
SInv    .            (no boots)
Will    .....        (no amulet)
Stlth   ++           (no ring)
HPRegen 0.26/turn    (no ring)
MPRegen 0.11/turn

%: no teleportation
@: hasted, very quick
A: fangs 1, strong nose, distributed training
a: no special abilities


You were in the Dungeon.
You visited 1 branch

Inventory:

Hand Weapons
 a - a +0 club (weapon)
Armour
 d - a +0 robe (worn)
 e - a +0 buckler of protection (worn)
Wands
 b - a wand of polymorph (2) (quivered)
Scrolls
 k - a scroll of blinking
Potions
 i - 2 potions of magic


   Skills:
 + Level 3.7 Fighting
 + Level 2.6 Short Blades
 + Level 2.6 Long Blades
 + Level 2.6 Axes
 + Level 2.6 Maces & Flails
 + Level 2.6 Polearms
 + Level 2.6 Staves
 + Level 2.6 Ranged Weapons
 + Level 2.6 Throwing
 + Level 2.6 Armour
 + Level 2.6 Dodging
 + Level 2.6 Stealth
 + Level 7.1 Shields
 + Level 2.6 Unarmed Combat
 + Level 3.9 Spellcasting
 + Level 2.1 Conjurations
 + Level 2.1 Hexes
 + Level 2.1 Summonings
 + Level 2.1 Necromancy
 + Level 2.1 Translocations
 + Level 2.1 Transmutations
 + Level 2.1 Fire Magic
 + Level 2.1 Ice Magic
 + Level 4.4 Air Magic
 + Level 2.1 Earth Magic
 + Level 2.1 Poison Magic
 + Level 2.9 Invocations
 + Level 7.1 Evocations
 + Level 2.1 Shapeshifting


You had 10 spell levels left.
You didn't know any spells.
Your spell library contained the following spells:

 Spells                   Type           Power      Damage    Failure   Level
 Poisonous Vapours        Pois/Air       20%        N/A       12%         2
 Static Discharge         Conj/Air       20%        2-3/arc   12%         2


Dungeon Overview and Level Annotations

Branches:
Dungeon (1/1)

Altars:


Innate Abilities, Weirdness & Mutations

You have very sharp teeth.
Your uncanny sense of smell can sniff out nearby items.
Your experience applies equally to all skills.


Message History

* * * LOW HITPOINT WARNING * * *
You hit the phantom but do no damage.
The phantom is heavily damaged.
You hit the phantom. Your bite misses the phantom.
The phantom is severely damaged.
The phantom hits you.
* * * LOW HITPOINT WARNING * * *
You feel better. The phantom hits you.
* * * LOW HITPOINT WARNING * * *
You closely miss the phantom.
The phantom is severely damaged.
The phantom hits you but does no damage.
You closely miss the phantom.
The phantom is severely damaged.
The phantom misses you.
You hit the phantom.
The phantom is almost destroyed.
You recover from your berserk rage.
You miss the phantom. You bite the phantom, but do no damage.
The phantom is almost destroyed.
You block the phantom's attack.
You barely miss the phantom. You bite the phantom, but do no damage.
The phantom is severely damaged.
The phantom hits you but does no damage.
You hit the phantom.
The phantom is almost destroyed.
The phantom completely misses you.
You hit the phantom but do no damage.
The phantom is almost destroyed.
The phantom barely misses you.
You hit the phantom but do no damage.
The phantom is almost destroyed.
The phantom hits you!
* * * LOW HITPOINT WARNING * * *
You closely miss the phantom.
The phantom is almost destroyed.
You closely miss the phantom.
The phantom is almost destroyed.
The phantom hits you.
You die...

∆∆∆∆∆∆∆∆∆
▓▓▓▓▓▓▓▓▓▓▓▓▓▓▓▓▓▓
+...5FW@...†)...<▓
▓▓▓▓▓▓▓▓▓▓▓▓▓▓▓▓▓▓


You could see a phantom, a bullfrog and a white imp.

Vanquished Creatures
  A howler monkey (D)
  A hound (D)
  2 bats (D)
  A goblin (D)
  A jackal (D)
  A quokka (D)
7 creatures vanquished.

Notes
Turn   | Place    | Note
-------+----------+-------------------------------------------
     0 | D        | zazu2006 the Gnoll Wanderer began the quest for the Orb.
     0 | D        | zazu2006 set off with the following items: a +0 club, a
                  | wand of polymorph (3), a potion of lignification, a +0
                  | robe, a +0 buckler of protection, a potion of curing, a
                  | potion of heal wounds, a potion of haste, 2 potions of
                  | magic, a potion of berserk rage, a scroll of blinking; and
                  | the following spells available to memorise: Poisonous
                  | Vapours, Static Discharge.
     0 | D        | Reached XP level 1. HP: 17/17 MP: 4/4
    22 | D        | Reached skill level 1 in Invocations
    47 | D        | Reached skill level 1 in Short Blades
    47 | D        | Reached skill level 1 in Long Blades
    47 | D        | Reached skill level 1 in Axes
    47 | D        | Reached skill level 1 in Maces & Flails
    47 | D        | Reached skill level 1 in Polearms
    47 | D        | Reached skill level 1 in Staves
    47 | D        | Reached skill level 1 in Ranged Weapons
    47 | D        | Reached skill level 1 in Throwing
    47 | D        | Reached skill level 1 in Armour
    47 | D        | Reached skill level 1 in Dodging
    47 | D        | Reached skill level 1 in Stealth
    47 | D        | Reached skill level 1 in Unarmed Combat
    67 | D        | Noticed a phantom
    67 | D        | Noticed a water moccasin
    67 | D        | Noticed a hound
    67 | D        | Noticed a howler monkey
    81 | D        | Killed a howler monkey
    82 | D        | Reached skill level 1 in Conjurations
    82 | D        | Reached skill level 1 in Hexes
    82 | D        | Reached skill level 1 in Summonings
    82 | D        | Reached skill level 1 in Necromancy
    82 | D        | Reached skill level 1 in Translocations
    82 | D        | Reached skill level 1 in Transmutations
    82 | D        | Reached skill level 1 in Fire Magic
    82 | D        | Reached skill level 1 in Ice Magic
    82 | D        | Reached skill level 1 in Earth Magic
    82 | D        | Reached skill level 1 in Poison Magic
    82 | D        | Reached skill level 1 in Shapeshifting
    82 | D        | Reached XP level 2. HP: 24/24 MP: 4/6
    82 | D        | Reached XP level 3. HP: 29/29 MP: 5/8
    85 | D        | Reached XP level 4. HP: 37/37 MP: 5/9
    87 | D        | a water moccasin changed into a bullfrog
    87 | D        | Noticed a bullfrog
   131 | D        | Slain by a phantom

Illustrated notes

Levels and vault maps discovered:
D:        linesprint [early_d, line_temple, items_1, d_10, items_2, lair_1,
          lair_end, items_3, orc_1, orc_end, items_4, d_15, swamp_1, shoals_1,
          snake_1, spider_1, d_20, vaults_1, items_5, swamp_end, shoals_end,
          snake_end, spider_end, vaults_end, d_27, items_6, zot_1, zot_end,
          crypt_end, forest_end, elf_end, slime_end, tomb_end, abyss_end,
          pan_hell_end]

Skill      XL: |  1  2  3 |
---------------+----------+-----
Invocations    | 2 |  2.9
Short Blades   | 2 |  2.6
Long Blades    | 2 |  2.6
Axes           | 2 |  2.6
Maces & Flails | 2 |  2.6
Polearms       | 2 |  2.6
Staves         | 2 |  2.6
Ranged Weapons | 2 |  2.6
Throwing       | 2 |  2.6
Armour         | 2 |  2.6
Dodging        | 2 |  2.6
Stealth        | 2 |  2.6
Unarmed Combat | 2 |  2.6
Fighting       | 3 |  3.7
Spellcasting   | 3 |  3.9
Conjurations   | 1 2 |  2.1
Hexes          | 1 2 |  2.1
Summonings     | 1 2 |  2.1
Necromancy     | 1 2 |  2.1
Translocations | 1 2 |  2.1
Transmutations | 1 2 |  2.1
Fire Magic     | 1 2 |  2.1
Ice Magic      | 1 2 |  2.1
Air Magic      | 4 |  4.4
Earth Magic    | 1 2 |  2.1
Poison Magic   | 1 2 |  2.1
Shapeshifting  | 1 2 |  2.1
Shields        | 7 |  7.1
Evocations     | 7 |  7.1

Action                     |  1- 3 |  4- 6 || total
---------------------------+-------+-------++-------
  Melee: Club              |    58 |    42 ||   100
         Bite              |     2 |     3 ||     5
  Evoke: Wand              |       |     1 ||     1
    Use: Potion            |     1 |     4 ||     5
 Armour: Robe              |    19 |     5 ||    24
         Skin              |       |    21 ||    21
  Dodge: Dodged            |    45 |    14 ||    59
  Block: Buckler           |    18 |    17 ||    35

Table legend: (Time is in decaauts)
 A = Elapsed time spent in this place.
 B = Non-inter-level travel time spent in this place.
 C = Inter-level travel time spent in this place.
 D = Time resting spent in this place.
 E = Time spent auto-exploring this place.
 F = Levels seen in this place.
 G = Mean time per level.
                   A        B        C        D        E       F      G
               +--------+--------+--------+--------+--------+-----+--------+
         Total |    156 |    156 |      0 |     15 |      0 |   1 |  156.0 |
       Dungeon |    156 |    156 |      0 |     15 |      0 |   1 |  156.0 |
               +--------+--------+--------+--------+--------+-----+--------+

Top non-repeatable levels by time:
       D: 156 daAuts
